 Dungeon Crawl Stone Soup version 0.27-a0-1123-g2f9bb313c0 (webtiles) character file.

Game seed: 15110833323433622799

38 jasper the Insei (level 3, -3/27 HPs)
             Began as a Demonspawn Transmuter on May 4, 2021.
             Killed by divine providence
             ... invoked by an orc priest
              (11 damage)
             ... on level 2 of the Dungeon.
             The game lasted 00:02:49 (1642 turns).

jasper the Insei (Demonspawn Transmuter)            Turns: 1642, Time: 00:02:50

Health: -3/27      AC:  5    Str: 10    XL:     3   Next: 25%
Magic:  3/6        EV: 10    Int: 15    God:
Gold:   47         SH:  4    Dex: 13    Spells: 5/6 levels left

rFire    . . .     SeeInvis .     - Unarmed
rCold    . . .     Faith    .   j - +1 buckler
rNeg     . . .     Spirit   .   b - +0 leather armour
rPois    .         Reflect  .   (helmet currently unavailable)
rElec    .         Harm     .   (no cloak)
rCorr    .         Rampage  .   (no gloves)
Will     .....                  (boots currently unavailable)
Stlth    +.........             (no amulet)
HPRegen  0.09/turn              (no ring)
MPRegen  0.10/turn              (no ring)

@: appendages, very slightly contaminated
A: horns 2, talons 2, yellow scales 1, spiny 1
a: End Transformation


You were on level 2 of the Dungeon.
You had temporarily grown beastly horns and talons.
You visited 1 branch of the dungeon, and saw 2 of its levels.

You collected 47 gold pieces.

Inventory:

Armour
 a - a +0 robe
 b - a +0 leather armour (worn)
 j - a +1 buckler (worn)
Jewellery
 c - a ring of willpower
 h - a ring of resist corrosion
 i - a ring of protection from cold
Scrolls
 f - a scroll of blinking
Potions
 e - a potion of flight {unknown}
 g - a potion of lignification {unknown}
 k - a potion of might {unknown}


   Skills:
 + Level 1.7 Fighting
 - Level 1.7 Dodging
 + Level 0.3 Shields
 * Level 3.3 Unarmed Combat
 - Level 2.0 Spellcasting
 + Level 2.2 Transmutations


You had 5 spell levels left.
You knew the following spells:

 Your Spells              Type           Power      Damage    Failure   Level
a - Beastly Appendage     Tmut           16%        N/A       21%         1

Your spell library contained the following spells:

 Spells                   Type           Power      Damage    Failure   Level
 Wereblood                Tmut           8%         N/A       30%         2
 Spider Form              Tmut/Pois      2%         N/A       67%         3
 Ice Form                 Ice/Tmut       4%         N/A       97%         4
 Hydra Form               Tmut           4%         N/A       99%         5


Dungeon Overview and Level Annotations

Branches:
Dungeon (2/15)

Altars:


Innate Abilities, Weirdness & Mutations

You have temporarily grown beastly horns and talons.
You are partially covered in yellow scales. (AC +2)
You are partially covered in sharp spines.


Message History

Your horns disappear.
Your talons disappear.
You start resting.
Magic restored.
MP restored: 6
There is a stone staircase leading up here.
An orc priest and an orc wizard come into view.
The orc wizard is wielding a +0 dagger of speed.
The orc priest shouts!
The orc wizard shouts!
You hear a shout!
A frilled lizard comes into view.
The orc priest calls down the wrath of Beogh upon you.
Beogh smites you!
The orc wizard moves out of view.
You hear a shout!
You take 10 damage, and have 17/27 hp.
MASSIVE DAMAGE!!
Casting: Beastly Appendage (safe; 21% risk of failure)
Press: ? - help, Q - select action Dir - look around, f - activate You miscast Beastly Appendage.
You are very lightly contaminated with residual magic.
Nothing appears to happen.
You now have 5/6 mp.
Casting: Beastly Appendage (safe; 21% risk of failure)
Press: ? - help, Q - select action Dir - look around, f - activate You miscast Beastly Appendage.
Nothing appears to happen.
You now have 4/6 mp.
Casting: Beastly Appendage (safe; 21% risk of failure)
Press: ? - help, Q - select action Dir - look around, f - activate You grow a pair of large bovine horns.
Your feet morph into talons.
You now have 3/6 mp.
You start resting.
An orc priest is nearby!
An orc priest comes into view. It is wielding a +0 flail.
The orc priest looks satisfied for a moment.
You completely miss the orc priest. You claw the orc priest.
You headbutt the orc priest!
The orc priest is severely wounded.
The orc priest invokes the aid of Beogh against you.
Beogh smites you!
* * * LOW HITPOINT WARNING * * *
The orc priest mumbles some strange prayers to Beogh against you.
Beogh smites you!
You die...

#. l.
#.## ..#
.o. #.#
###.#
##.#o#
####..@o#
+.......#
####....#
##.#.#
###.# #.#
### #<#
... ..#
###.# #
#.# #.#
#...#


You could see 2 orc priests and an orc wizard.

Vanquished Creatures
  A gnoll (D:2)
  A worm (D:2)
  A dart slug (D:2)
  3 endoplasms (D:1)
  A goblin (D:1)
  4 hobgoblins (D:1)
  A kobold (D:1)
  3 quokkas
  A ball python (D:2)
  3 bats (D:1)
  3 frilled lizards (D:1)
  A rat (D:1)
23 creatures vanquished.

Notes
Turn   | Place    | Note
-------+----------+-------------------------------------------
     0 | D:1      | jasper the Demonspawn Transmuter began the quest for the
                  | Orb.
     0 | D:1      | Reached XP level 1. HP: 15/15 MP: 3/3
   258 | D:1      | Reached skill level 3 in Unarmed Combat
   260 | D:1      | Gained mutation: You are partially covered in yellow
                  | scales. (AC +2) [demonic ancestry]
   260 | D:1      | Reached XP level 2. HP: 21/21 MP: 3/5
  1104 | D:2      | Found a faded altar of an unknown god.
  1167 | D:2      | Gained mutation: You are partially covered in sharp spines.
                  | [demonic ancestry]
  1167 | D:2      | Reached XP level 3. HP: 18/26 MP: 6/6
  1642 | D:2      | Killed from afar by an orc priest

Illustrated notes

Levels and vault maps discovered:
D:1:      dpeg_arrival_boxes_within_box, layout_basic, minmay_unequal
D:2:      layout_loops_corners, shapermc_ecumenical_altar_starsandcircs,
          kennysheep_cross_bottleneck, minmay_misc_feat_square

Skill      XL: |  1 |
---------------+----+-----
Unarmed Combat | 3 |  3.3
Transmutations | 2 |  2.2
Fighting       | |  1.7
Dodging        | |  1.7
Shields        | |  0.3
Spellcasting   | |  2.0

Action                   || total
-------------------------++-------
Melee: Unarmed           ||    69
       Kick              ||     9
       Headbutt          ||     7
       Punch             ||     1
 Cast: Beastly Appendage ||    18
  Use: Scroll            ||     3
Armor: Leather armour    ||    16
       Robe              ||     1
Dodge: Dodged            ||    27
Block: Buckler           ||     3

Table legend: (Time is in decaauts)
 A = Elapsed time spent in this place.
 B = Non-inter-level travel time spent in this place.
 C = Inter-level travel time spent in this place.
 D = Time resting spent in this place.
 E = Time spent auto-exploring this place.
 F = Levels seen in this place.
 G = Mean time per level.
                   A        B        C        D        E       F      G
               +--------+--------+--------+--------+--------+-----+--------+
         Total |   1639 |   1556 |     83 |    209 |   1073 |   2 |  819.5 |
       Dungeon |   1639 |   1556 |     83 |    209 |   1073 |   2 |  819.5 |
               +--------+--------+--------+--------+--------+-----+--------+

Top non-repeatable levels by time:
     D:1: 1302 daAuts
     D:2: 337 daAuts
